 Dungeon Crawl Stone Soup version 0.16.1-25-gbcee3f8 (webtiles) character file.

441 ztt the Covered (level 6, -14/56 HPs)
             Began as a Minotaur Fighter on May 21, 2015.
             Demolished by an ogre
             ... wielding a +0 giant spiked club
              (22 damage)
             ... on level 4 of the Dungeon.
             The game lasted 00:04:24 (2438 turns).

ztt the Covered (Minotaur Fighter)                  Turns: 2438, Time: 00:04:24

Health: -14/56     AC: 12    Str: 28    XL:     6   Next: 70%
Magic:  3/3        EV:  6    Int:  5    God:
Gold:   190        SH: 10    Dex:  9    Spells: 0 memorised, 5 levels left

rFire  . . .     SeeInvis .     a - +0 war axe
rCold  . . .     Clarity  .     i - +0 plate armour
rNeg   . . .     SustAb   .     c - +0 shield
rPois  .         Gourm    .     (helmet restricted)
rElec  .         Spirit   .     (no cloak)
rCorr  .         Warding  .     (no gloves)
rMut   .         Stasis   .     (no boots)
MR     .....                    (no amulet)
Stlth  ..........               (no ring)
                                (no ring)

@: mighty, not resistant to hostile enchantments, extremely unstealthy
A: retaliatory headbutt, horns 2
a: no special abilities


You were on level 4 of the Dungeon.
You were hungry.

You visited 1 branch of the dungeon, and saw 4 of its levels.

You collected 190 gold pieces.

Inventory:

Hand weapons
 a - a +0 war axe (weapon)
Armour
 b - a +0 scale mail
 c - a +0 shield (worn)
 i - a +0 plate armour (worn)
Scrolls
 f - 2 scrolls of fog {unknown}
 g - a scroll of magic mapping {unknown}
 h - a scroll of recharging {unknown}
 j - a scroll of immolation {unknown}
 m - 3 scrolls of identify {unknown}
 s - a scroll of teleportation {unknown}
Potions
 k - a potion of heal wounds {unknown}
 n - a potion of haste {unknown}
 o - a potion of resistance {unknown}
 p - 2 potions of curing
 q - 2 potions of poison {unknown}
Comestibles
 d - 3 bread rations
 l - a meat ration
 r - 2 fruits


   Skills:
 + Level 5.1 Fighting
 + Level 4.6 Axes
 + Level 5.8 Armour
 + Level 1.4 Dodging
 + Level 5.3 Shields


You had 5 spell levels left.
You didn't know any spells.

Dungeon Overview and Level Annotations

Branches:
Dungeon (4/15)
 Temple: D:4-7

Altars:


Innate Abilities, Weirdness & Mutations

You reflexively headbutt those who attack you in melee.
You have a pair of horns on your head.


Message History

Unknown command.
You slash the ogre!
The ogre is almost dead.
The ogre hits you with a giant spiked club!
* * * LOW HITPOINT WARNING * * *
Unknown command.
Your plate armour prevents you from hitting the ogre.
The ogre is almost dead.
Your shield and plate armour prevent you from hitting the giant newt.
The ogre hits you with a giant spiked club!
* * * LOW HITPOINT WARNING * * *
The giant newt bites you but does no damage.
The giant mite bites you.
* * * LOW HITPOINT WARNING * * *
You are lethally poisoned!
The giant mite poisons you!
Drink which item? (? for menu, Esc to quit)
It was a potion of curing.
You feel better. You block the giant newt's attack.
The ogre hits you with a giant spiked club!!
You die...

#.#........................#
#.#.###....#..........).÷..#
....# ##...#...........))..#
##### #.#.##..............# ###
#....#..............# ..#
####..#..............# #.#
#.....####+#.........# #.#
#.....####.####÷.######## †.#
#........l@O..............
.######...######.s..##..#######
)......##+#########.###.##
######.#..........#.# #..#
#.#..........#.# ##.######
#.'..........#.# #...†..#
###.....s....#.# #..†...#
#########<...# #s.....# ######
#..[...#


You could see an ogre, a giant mite and a giant newt.

Vanquished Creatures
  Sigmund (D:4)
  The ghost of Rayvis the Sneak, a weakling FeEn (D:3)
  2 iguanas (D:4)
  An orc wizard (D:3)
  A worker ant (D:4)
  Terence (D:3)
  Robin (D:2)
  8 adders
  3 gnolls (D:2)
  A giant mite (D:4)
  3 worms
  5 orcs
  A ball python (D:1)
  A giant cockroach (D:1)
  14 goblins
  13 hobgoblins
  8 kobolds
  3 quokkas
  7 bats
  A giant gecko (D:3)
  3 giant newts
  8 jackals
  9 rats
96 creatures vanquished.

Notes
Turn   | Place    | Note
--------------------------------------------------------------
     0 | D:1      | ztt, the Minotaur Fighter, began the quest for the Orb.
     0 | D:1      | Reached XP level 1. HP: 19/19 MP: 1/1
    76 | D:1      | Reached XP level 2. HP: 22/27 MP: 1/1
   129 | D:1      | Reached skill level 4 in Armour
   570 | D:2      | Reached XP level 3. HP: 33/33 MP: 2/2
   632 | D:2      | Noticed Robin
   654 | D:2      | Killed Robin
   692 | D:2      | Reached XP level 4. HP: 28/41 MP: 2/2
  1526 | D:3      | Reached XP level 5. HP: 47/47 MP: 2/2
  1708 | D:3      | Reached skill level 1 in Dodging
  1920 | D:3      | Noticed Terence
  1933 | D:3      | Reached skill level 5 in Armour
  1934 | D:3      | Killed Terence
  1934 | D:3      | Reached skill level 5 in Shields
  2010 | D:3      | Noticed Rayvis' ghost (weakling FeEn)
  2050 | D:3      | Killed Rayvis' ghost
  2050 | D:3      | Reached XP level 6. HP: 35/55 MP: 3/3
  2135 | D:4      | Noticed Sigmund
  2147 | D:4      | Killed Sigmund
  2147 | D:4      | Reached skill level 5 in Fighting
  2437 | D:4      | HP: 2/56 [ogre/giant spiked club (15)]
  2438 | D:4      | Demolished by an ogre

Action                   |  1- 3 |  4- 6 || total
-------------------------+-------+-------++-------
Melee: War axe           |   114 |   180 ||   294
  Use: Potion            |       |     2 ||     2
  Eat: Fruit             |       |     1 ||     1
       Chunk             |       |     4 ||     4
